 Dungeon Crawl Stone Soup version 0.23.2-1-ga50397a (webtiles) character file.

Game seed: 15886290313055227437

38 IBeShadow the Gusty (level 3, -2/30 HPs)
             Began as a Tengu Air Elementalist on May 16, 2019.
             Slain by a frilled lizard (3 damage)
             ... on level 2 of the Dungeon.
             The game lasted 00:02:51 (2031 turns).

IBeShadow the Gusty (Tengu Air Elementalist)        Turns: 2031, Time: 00:02:52

Health: -2/30      AC:  2    Str: 14    XL:     3   Next: 43%
Magic:  7/7        EV: 13    Int: 15    God:
Gold:   52         SH:  0    Dex: 16    Spells: 5/6 levels left

rFire    . . .     SeeInvis .   f - +0 dagger
rCold    . . .     Gourm    .   (no shield)
rNeg     . . .     Faith    .   a - +0 robe
rPois    .         Spirit   .   (helmet restricted)
rElec    .         Reflect  .   (no cloak)
rCorr    .         Harm     .   (no gloves)
MR       .....                  (boots unavailable)
Stlth    ..........             (no amulet)
HPRegen  0.10/turn              (no ring)
MPRegen  0.10/turn              (no ring)

@: berserking, very quick
A: beak, talons 3, agile 1, deterioration 1
a: no special abilities


You were on level 2 of the Dungeon.
You were hungry.

You visited 1 branch of the dungeon, and saw 2 of its levels.

You collected 52 gold pieces.

Inventory:

Hand Weapons
 f - a +0 dagger (weapon)
Armour
 a - a +0 robe (worn)
Scrolls
 i - a scroll of amnesia
Potions
 g - a potion of heal wounds {unknown}
 h - a potion of lignification {unknown}
Comestibles
 c - a ration


   Skills:
 + Level 1.2 Fighting
 - Level 2.1 Dodging
 - Level 2.0 Stealth
 + Level 2.4 Spellcasting
 + Level 2.4 Conjurations
 + Level 4.5 Air Magic


You had 5 spell levels left.
You knew the following spells:

 Your Spells              Type           Power        Failure   Level  Hunger
a - Shock                 Conj/Air       ##..         4%          1    #......

Your spell library contained the following spells:

 Spells                   Type           Power        Failure   Level  Hunger
 Swiftness                Chrm/Air       #.......     13%         2    ###....
 Static Discharge         Conj/Air       ##......     16%         3    ###....
 Airstrike                Air            ###.......   32%         4    #####..
 Lightning Bolt           Conj/Air       ##........   80%         5    ######.


Dungeon Overview and Level Annotations

Branches:
Dungeon (2/15)

Altars:


Innate Abilities, Weirdness & Mutations

You have a beak for a mouth.
You have claws for feet.
You are agile. (Dex +2)
Your body sometimes deteriorates upon taking damage.


Message History

Unknown command.
The giant cockroach closely misses you. The gnoll barely misses you.
It was a potion of mutation.
You feel extremely strange.
Icy blue scales grow over part of your body.
Your icy blue scales disappear.
You feel yourself wasting away.
You feel agile.
The frilled lizard bites you but does no damage.
The giant cockroach barely misses you. The kobold closely misses you.
Unknown command.
The hobgoblin shouts!
The giant cockroach bites you but does no damage.
It was a potion of berserk rage.
A red film seems to cover your vision as you go berserk!
You feel yourself moving faster!
You feel mighty! The gnoll closely misses you. The giant cockroach bites you.
* * * LOW HITPOINT WARNING * * *
The gnoll barely misses you.
You are too berserk!
You barely miss the gnoll. The gnoll closely misses you.
The frilled lizard bites you.
You die...

## .. .. ..... .#
......#########.#
...............S...#
... .........gggg.#
##.#+#.#......g.@.+
...........%.rKls.#
...........w....s.#
...........(......#
.............######
...<.........#
###.<........#
#..........#
............#


You could see 4 gnolls, an adder, a dart slug, 2 giant cockroaches, a hobgoblin,
a kobold, a frilled lizard and a rat.

Vanquished Creatures
  An adder (D:1)
  3 giant cockroaches (D:1)
  A goblin (D:1)
  4 hobgoblins (D:1)
  3 jackals (D:1)
  A ball python (D:1)
  3 bats (D:1)
  2 frilled lizards (D:1)
  5 kobolds (D:1)
  4 rats (D:1)
27 creatures vanquished.

Notes
Turn   | Place    | Note
-------+----------+-------------------------------------------
     0 | D:1      | IBeShadow the Tengu Air Elementalist began the quest for
                  | the Orb.
     0 | D:1      | Reached XP level 1. HP: 10/10 MP: 4/4
   232 | D:1      | Reached XP level 2. HP: 16/16 MP: 3/6
   718 | D:1      | Reached skill level 1 in Fighting
   932 | D:1      | Reached XP level 3. HP: 10/20 MP: 7/7
  2023 | D:2      | HP: 1/20 [giant cockroach (2)]
  2025 | D:2      | Gained mutation: You are partially covered in icy blue
                  | scales. (AC +2) [potion of mutation]
  2025 | D:2      | Lost mutation: You are partially covered in icy blue
                  | scales. (AC +2) [potion of mutation]
  2025 | D:2      | Gained mutation: Your body sometimes deteriorates upon
                  | taking damage. [potion of mutation]
  2025 | D:2      | Gained mutation: You are agile. (Dex +2) [potion of
                  | mutation]
  2030 | D:2      | HP: 1/30 [giant cockroach (2)]
  2031 | D:2      | Slain by a frilled lizard

Skill      XL: |  1  2 |
---------------+-------+-----
Conjurations   | 2 |  2.4
Fighting       | 1 |  1.2
Dodging        | |  2.1
Stealth        | |  2.0
Spellcasting   | |  2.4
Air Magic      | |  4.5

Action                   || total
-------------------------++-------
Melee: Unarmed           ||    13
       Kick              ||    15
       Peck              ||    10
       Dagger            ||    57
       Club              ||     6
 Cast: Shock             ||    20
  Use: Potion            ||     2
       Scroll            ||     1
 Stab: Sleeping          ||     5
  Eat: Chunk             ||     3
Armor: Robe              ||    20
Dodge: Dodged            ||    72
